Map: Heavy Artillery LE

Players

Chelie - Winner!

  • Race: Protoss Protoss
  • Spawn Location: 1:00

Zeratul - Winner!

  • Race: Zerg Zerg
  • League: Platinum
  • Spawn Location: 3:00

Massa

  • Race: Terran Terran
  • League: Gold
  • Spawn Location: 7:00

qqq

  • Race: Zerg Zerg
  • League: Platinum
  • Spawn Location: 7:00

VOD

Have the link to the VOD?

Description

Time

  • Played on: June 4, 2020, 2:13 p.m.
  • Length: 16:58
Show
View Real Time Build Order
Export as new Build Order

Chelie Protoss - Winner!

Build Orders:  

Get SALT Encoding   

  12  0:02  Probe (Chrono Boost)  
  13  0:11  Probe (Chrono Boost)  
  14  0:23  Pylon  
  14  0:24  Probe  
  15  0:41  Probe  
  16  0:46  Gateway  
  16  0:50  Assimilator  
  16  0:52  Assimilator  
  16  0:59  Probe  
  17  1:11  Probe  
  18  1:18  Pylon  
  18  1:24  Probe  
  19  1:39  Cybernetics Core  
  19  1:42  Probe  
  20  1:54  Probe (Chrono Boost)  
  21  2:29  Stargate  
  21  2:35  Probe (Chrono Boost)  
  23  2:45  Probe (Chrono Boost)  
  23  2:50  Probe (Chrono Boost), Nexus  
  23  2:53  Assimilator  
  24  2:58  Assimilator  
  24  3:01  Probe  
  25  3:13  Probe  
  25  3:15  Nexus  
  25  3:17  Assimilator  
  26  3:22  Assimilator  
  26  3:24  Void Ray  
  30  3:39  Pylon  
  30  3:46  Probe (Chrono Boost)  
  31  3:58  Probe (Chrono Boost)  
  32  4:05  Probe (Chrono Boost)  
  32  4:07  Void Ray  
  32  4:08  Probe (Chrono Boost)  
  38  4:16  Probe (Chrono Boost)  
  40  4:19  Probe (Chrono Boost)  
  40  4:21  Probe (Chrono Boost)  
  41  4:27  Probe (Chrono Boost)  
  43  4:33  Probe (Chrono Boost)  
  43  4:37  Probe x2 (Chrono Boost)  
  45  4:42  Probe (Chrono Boost)  
  45  4:44  Probe  
  47  4:50  Void Ray  
  51  4:55  Probe (Chrono Boost)  
  51  4:57  Probe (Chrono Boost)  
  54  5:01  Probe (Chrono Boost)  
  54  5:05  Probe (Chrono Boost)  
  56  5:08  Probe (Chrono Boost)  
  56  5:09  Probe (Chrono Boost)  
  56  5:10  Probe (Chrono Boost)  
  58  5:17  Probe  
  58  5:20  Probe  
  60  5:21  Probe, Pylon  
  60  5:23  Pylon  
  61  5:29  Probe  
  61  5:32  Probe  
  61  5:33  Probe, Void Ray  
  68  5:40  Protoss Air Weapons Level 1  
  68  5:41  Probe  
  69  5:44  Stargate  
  69  5:46  Stargate  
  69  5:52  Probe (Chrono Boost)  
  71  5:59  Probe (Chrono Boost)  
  71  6:03  Probe (Chrono Boost)  
  72  6:07  Probe (Chrono Boost)  
  73  6:15  Void Ray  
  77  6:19  Probe  
  78  6:31  Probe  
  79  6:34  Void Ray  
  83  6:53  Pylon  
  83  6:56  Pylon  
  83  6:58  Pylon  
  83  7:04  Pylon  
  83  7:09  Pylon  
  83  7:11  Probe (Chrono Boost), Void Ray, Pylon  
  83  7:13  Pylon  
  88  7:17  Pylon  
  88  7:20  Fleet Beacon  
  88  7:22  Probe (Chrono Boost)  
  85  7:27  Probe (Chrono Boost)  
  82  7:38  Probe  
  83  7:48  Protoss Air Armor Level 1  
  83  7:50  Probe  
  84  8:17  Probe  
  85  8:23  Flux Vanes  
  85  8:30  Probe  
  86  8:40  Void Ray x2  
  86  8:41  Void Ray  
  98  8:42  Probe  
  99  8:54  Probe  
  100  8:59  Stargate  
  100  9:01  Stargate  
  100  9:06  Probe  
  101  9:10  Pylon  
  101  9:12  Pylon  
  101  9:14  Pylon  
  101  9:17  Pylon  
  101  9:19  Pylon  
  101  9:23  Pylon, Void Ray x3  
  113  9:25  Pylon  
  113  9:31  Robotics Facility  
  113  9:33  Robotics Facility  
  113  9:53  Void Ray  
  117  10:00  Protoss Air Weapons Level 2  
  117  10:06  Void Ray x3  
  129  10:46  Observer x2  
  139  11:07  Observer  
  105  13:19  Void Ray x2  
  101  13:21  Void Ray  
  101  13:25  Pylon  
  101  13:27  Pylon  
  101  13:29  Pylon  
  93  14:04  Void Ray x5  
  97  14:46  Void Ray  
  97  14:47  Void Ray x4  
  117  14:57  Observer  
  118  15:27  Void Ray x4 (Chrono Boost)  
  118  15:29  Nexus  
  118  15:31  Assimilator  
  118  15:35  Assimilator  
  138  15:36  Void Ray (Chrono Boost)  
  138  16:02  Void Ray x3  
  138  16:03  Void Ray  
  154  16:12  Void Ray  
Show
View Real Time Build Order
Export as new Build Order

Zeratul Zerg - Winner!

Build Orders: Hatch First 

Get SALT Encoding   

  12  0:01  Drone  
  13  0:12  Overlord  
  13  0:22  Drone  
  14  0:34  Drone  
  14  0:35  Drone x2  
  17  0:56  Drone  
  18  0:57  Hatchery  
  17  1:04  Drone  
  17  1:11  Drone  
  19  1:18  Extractor, Spawning Pool  
  18  1:20  Drone  
  18  1:29  Drone  
  19  1:39  Drone  
  20  1:50  Drone  
  21  2:09  Queen  
  21  2:10  Queen  
  21  2:14  Drone x2  
  27  2:20  Drone  
  28  2:26  Overlord  
  28  2:30  Spine Crawler  
  28  2:31  Spine Crawler  
  26  2:39  Spine Crawler  
  26  2:40  Drone x2  
  27  2:45  Drone  
  27  2:46  Drone  
  27  2:51  Queen  
  29  2:57  Lair  
  31  3:06  Roach Warren  
  31  3:10  Drone x2  
  31  3:12  Drone  
  33  3:25  Drone  
  33  3:26  Drone x2  
  36  3:46  Overlord x2  
  36  3:54  Overlord x3  
  36  4:04  Drone x3  
  39  4:26  Drone x4  
  43  4:33  Drone x2  
  45  4:41  Extractor  
  45  4:45  Hydralisk Den  
  43  4:48  Evolution Chamber  
  43  4:50  Drone  
  43  4:51  Drone x3  
  46  5:01  Extractor  
  46  5:02  Extractor  
  46  5:03  Drone x4  
  48  5:11  Hatchery  
  48  5:13  Extractor x2  
  45  5:15  Overseer  
  45  5:19  Roach x5  
  55  5:29  Roach x5  
  65  5:40  Glial Reconstitution  
  65  5:57  Spore Crawler x2  
  65  5:59  Spore Crawler  
  65  6:00  Spore Crawler  
  61  6:08  Drone x11  
  72  6:29  Drone x7  
  72  6:30  Queen  
  81  6:45  Drone  
  82  6:47  Overlord x4  
  82  6:48  Overlord  
  82  7:26  Overseer x3  
  82  7:27  Overseer  
  80  8:03  Roach  
  80  8:04  Roach x3  
  56  8:23  Zergling x38  
  71  8:45  Zerg Melee Weapons Level 1  
  71  8:50  Hatchery  
  70  9:02  Zergling x20  
  80  9:03  Zergling x4  
  82  9:18  Hatchery  
  82  9:22  Hatchery  
  80  9:25  Hatchery  
  79  9:33  Hydralisk x10  
  79  9:34  Extractor  
  79  9:38  Extractor  
  97  9:41  Evolution Chamber  
  96  9:47  Evolution Chamber  
  96  9:50  Zergling x14  
  102  9:59  Metabolic Boost  
  93  10:08  Zergling x4  
  93  10:09  Zergling x8  
  95  10:25  Hydralisk  
  95  10:26  Hydralisk x4  
  105  10:29  Overlord x3  
  105  10:30  Overlord  
  105  10:38  Drone x5  
  110  10:47  Drone x4  
  114  10:54  Overseer x2  
  114  11:07  Hydralisk x4  
  114  11:08  Hydralisk  
  93  11:22  Drone x10  
  96  11:34  Queen  
  92  12:04  Zergling x28  
  92  12:07  Zergling x2  
  102  12:11  Muscular Augments  
  64  12:27  Zergling x16  
  64  12:28  Zergling x2  
  71  12:33  Zergling x4  
  71  12:34  Zergling x2  
  72  12:56  Zergling x10  
  72  12:57  Zergling x10  
  71  12:59  Zergling x2  
  71  13:05  Roach x2  
  62  13:22  Grooved Spines, Roach x5  
  69  13:32  Roach x4  
  59  13:39  Drone x2  
  57  14:04  Roach x6  
  69  14:16  Drone x5  
  56  14:36  Roach x3  
  56  14:37  Roach x12  
  84  14:39  Queen  
  84  14:40  Queen x2  
  84  14:42  Queen  
  92  14:56  Zerg Missile Weapons Level 1, Zerg Ground Armor Level 1  
  92  14:59  Hydralisk x3  
  92  15:01  Zergling x12  
  92  15:02  Zergling x8  
  108  15:07  Overseer  
  108  15:28  Hydralisk x5  
  118  15:48  Pneumatized Carapace  
  117  15:59  Overlord x4  
  117  16:00  Overlord x4  
  117  16:08  Overlord  
  117  16:29  Overseer x3  
Show
View Real Time Build Order
Export as new Build Order

Massa Terran 

Build Orders:  

Get SALT Encoding   

  12  0:10  Supply Depot  
  12  0:13  SCV  
  13  0:25  SCV  
  14  0:33  Barracks  
  14  0:38  SCV  
  15  0:47  Supply Depot  
  15  0:50  SCV  
  16  0:58  Refinery  
  16  1:02  SCV  
  17  1:14  SCV  
  18  1:19  Refinery  
  18  1:24  Marine  
  19  1:26  SCV  
  20  1:38  SCV  
  21  1:48  Barracks  
  21  1:50  SCV  
  22  1:55  Ghost Academy  
  22  2:10  Barracks Tech Lab  
  22  2:15  Orbital Command  
  22  2:25  Barracks  
  22  2:28  Personal Cloaking  
  22  2:43  SCV  
  23  2:47  Ghost  
  25  2:52  Barracks Tech Lab  
  25  2:55  SCV  
  26  3:14  Ghost  
  28  3:31  SCV, Command Center  
  29  3:36  Supply Depot  
  29  3:47  SCV  
  30  3:56  Barracks Tech Lab  
  30  3:57  Ghost  
  30  3:59  SCV  
  33  4:11  SCV  
  34  4:23  SCV  
  35  4:30  Refinery, Ghost x2  
  39  4:43  SCV, Supply Depot  
  40  4:51  Orbital Command  
  40  4:53  Refinery  
  40  4:58  Ghost  
  42  5:06  Supply Depot  
  42  5:21  SCV x2  
  44  5:23  Ghost x2  
  48  5:33  SCV x2  
  50  5:39  Ghost  
  52  5:45  SCV x2  
  54  5:54  Factory  
  54  5:57  SCV  
  55  6:11  SCV x2  
  57  6:23  SCV x2  
  57  6:24  Engineering Bay  
  59  6:28  Stimpack  
  59  6:29  Ghost x3  
  65  6:35  SCV  
  65  6:36  SCV  
  61  7:40  Ghost x3  
  57  8:08  Ghost  
  57  8:09  Ghost x2  
  61  8:16  SCV x2  
  62  8:28  SCV x2  
  58  8:37  Ghost x3  
  58  8:40  Factory Tech Lab, SCV x2  
  66  8:42  Nuke  
  66  8:47  Barracks  
  66  8:51  Command Center  
  66  8:52  Barracks  
  66  8:56  Barracks  
  66  9:00  Command Center  
  66  9:01  Engineering Bay  
  66  9:05  Ghost, Missile Turret  
  68  9:13  Missile Turret x2  
  68  9:16  Missile Turret  
  68  9:17  Missile Turret  
  68  9:25  Missile Turret  
  68  9:29  Supply Depot  
  68  9:45  Missile Turret  
  68  9:51  Barracks Reactor x3, Siege Tank  
  71  9:56  Supply Depot  
  70  10:11  Missile Turret  
  70  10:19  Supply Depot  
  70  10:23  Siege Tank  
  70  10:26  Marauder  
  70  10:27  Marauder x2, Marine x4  
  70  10:28  Marine x2  
  80  10:42  Supply Depot  
  80  10:45  Marine x4  
  80  10:46  Marine x2  
  80  10:47  Marine x2  
  80  10:48  Marine  
  89  11:02  Marine  
  90  11:09  Marine  
  90  11:10  Marauder, Marine x6  
  74  11:20  Marine  
  62  11:27  Marine  
  62  11:28  Marine x3  
  62  11:30  Missile Turret  
  62  11:31  Missile Turret, Combat Shield  
  62  11:32  Missile Turret  
  47  11:44  Marine x2  
  47  11:45  Marine x2  
  47  11:46  Marine x3  
  43  11:54  Cyclone  
  46  12:02  Marine x3  
  46  12:03  Marine x3  
  46  12:04  Marine  
  34  12:20  Marine x3  
  34  12:21  Marine x4  
  38  12:26  Cyclone  
  38  12:37  Marine  
  38  12:38  Marine x2  
  38  12:39  Marine x4  
  41  12:48  Command Center  
  41  12:55  Marine  
  41  12:56  Marine x3  
  41  12:57  Marine x3  
  28  13:13  Marine x2  
  28  13:14  Marine x2  
  28  13:15  Marine x3  
  34  13:31  Marine x3  
  34  13:32  Marine x2  
  39  13:40  Marine x2  
  31  13:49  Marine x3  
  31  13:50  Marine x2  
  30  13:58  Marine x2  
  22  14:05  SCV  
  22  14:07  Marine x2  
  22  14:08  Marine x2  
  18  14:16  Marine x2  
  17  14:24  Marine  
  17  14:25  Marine x2  
  17  14:26  Marine  
  21  14:33  Marine  
  21  14:34  SCV  
  23  14:46  SCV  
  24  15:02  SCV  
  25  15:14  SCV  
  26  15:26  SCV x2  
  28  15:38  SCV x2  
  26  16:03  Siege Tank  
  28  16:06  Marine x2  
  28  16:07  Marine x5  
  35  16:24  Marine x4  
  39  16:30  SCV  
  43  16:42  SCV  
Show
View Real Time Build Order
Export as new Build Order

qqq Zerg 

Build Orders: Hatch First 

Get SALT Encoding   

  12  0:03  Drone  
  13  0:09  Drone  
  14  0:35  Hatchery  
  13  0:52  Spawning Pool  
  12  1:03  Extractor, Overlord  
  11  1:04  Drone  
  11  1:09  Drone  
  13  1:15  Drone  
  14  1:28  Drone  
  15  1:37  Drone  
  16  1:40  Queen  
  18  1:47  Drone  
  18  1:48  Zergling x2  
  20  1:57  Drone  
  20  2:00  Zergling x2  
  22  2:06  Metabolic Boost  
  22  2:10  Overlord  
  22  2:14  Drone  
  23  2:23  Zergling x2  
  23  2:26  Drone  
  25  2:35  Zergling x2  
  27  2:37  Drone  
  27  2:51  Baneling Nest  
  26  2:52  Drone  
  26  2:53  Drone x2  
  26  2:54  Drone  
  26  2:56  Drone x2  
  32  3:11  Queen  
  32  3:12  Overlord  
  34  3:16  Overlord  
  34  3:18  Zergling x2  
  35  3:25  Lair  
  34  3:35  Drone x3  
  37  3:52  Zergling x4  
  37  3:53  Zergling x2  
  40  3:55  Hatchery  
  40  3:56  Drone  
  40  4:01  Spore Crawler  
  40  4:02  Drone  
  40  4:03  Drone  
  40  4:05  Drone  
  40  4:07  Zergling x2  
  43  4:23  Spire  
  42  4:27  Baneling  
  42  4:30  Centrifical Hooks  
  43  4:33  Baneling  
  43  4:37  Drone x5  
  43  4:38  Drone, Extractor  
  48  4:46  Zergling x2  
  48  4:48  Baneling  
  49  4:57  Drone  
  50  5:07  Baneling x3  
  50  5:09  Drone x3  
  50  5:11  Zergling x6  
  50  5:12  Overlord  
  56  5:15  Baneling  
  56  5:16  Baneling  
  56  5:22  Baneling  
  56  5:25  Drone  
  57  5:28  Hatchery  
  57  5:33  Extractor  
  57  5:34  Drone x3  
  58  5:35  Extractor  
  58  5:36  Zergling x4  
  58  5:38  Baneling x4  
  58  5:41  Drone x3  
  62  5:45  Zergling x2  
  62  5:47  Baneling  
  62  5:48  Baneling  
  63  5:53  Zergling x2  
  63  5:54  Drone  
  63  5:56  Overlord  
  65  6:09  Overlord x3  
  65  6:14  Queen  
  65  6:17  Drone x3  
  65  6:18  Drone x3  
  68  6:26  Baneling x3  
  68  6:27  Baneling x5  
  68  6:28  Zergling x4  
  70  6:39  Extractor  
  69  6:40  Extractor  
  69  6:44  Drone  
  69  6:45  Drone x3  
  69  6:46  Zergling x2, Overlord  
  69  6:47  Zergling x4  
  75  6:52  Baneling x4  
  75  6:59  Drone  
  75  7:00  Evolution Chamber  
  75  7:02  Evolution Chamber  
  74  7:13  Zergling x2  
  74  7:14  Zergling x8  
  79  7:16  Hatchery, Zergling x6  
  79  7:17  Drone x4  
  79  7:18  Drone x2  
  79  7:22  Spore Crawler  
  86  7:23  Spore Crawler  
  86  7:29  Zergling x4  
  87  7:39  Zergling x8  
  87  7:40  Drone x6  
  80  8:08  Zergling x16  
  80  8:09  Drone x4  
  80  8:10  Drone  
  86  8:16  Drone  
  87  8:20  Spore Crawler  
  87  8:21  Zerg Ground Armor Level 1, Spore Crawler  
  87  8:24  Baneling x5  
  87  8:25  Baneling x7  
  85  8:40  Zergling x12  
  91  8:41  Zergling x8  
  91  8:42  Zergling x2  
  91  8:45  Baneling  
  91  8:46  Baneling x12  
  96  8:50  Drone  
  96  8:51  Drone x3  
  96  8:52  Hatchery x2  
  98  8:56  Hatchery, Baneling x3  
  98  9:02  Baneling x4  
  97  9:06  Baneling x2  
  97  9:07  Baneling x4  
  97  9:10  Drone  
  97  9:11  Drone x2  
  100  9:26  Drone  
  100  9:27  Drone x4, Overlord x3  
  100  9:28  Zergling x8  
  100  9:29  Zergling x2  
  110  9:38  Zerg Melee Weapons Level 1  
  110  9:39  Infestation Pit  
  110  9:40  Zergling x6  
  110  9:43  Drone x2  
  93  10:09  Zergling x10  
  93  10:10  Drone, Zergling x8  
  93  10:11  Drone x5  
  108  10:14  Baneling  
  108  10:15  Baneling x15  
  106  10:26  Zergling x2  
  106  10:27  Zergling x10  
  106  10:28  Drone x10  
  118  10:30  Spore Crawler  
  118  10:33  Spine Crawler, Spore Crawler x2  
  118  10:34  Spine Crawler  
  115  10:35  Spore Crawler  
  115  10:37  Spore Crawler  
  115  10:38  Spine Crawler, Spore Crawler  
  115  10:39  Spine Crawler  
  115  10:41  Zergling x2  
  115  10:42  Spine Crawler, Zergling x4  
  112  10:43  Spine Crawler  
  112  10:44  Baneling x13  
  112  10:45  Baneling x5  
  112  10:48  Drone x8  
  112  10:49  Zergling x2  
  117  10:50  Zergling x2  
  117  10:53  Baneling x7  
  117  10:54  Baneling  
  118  11:01  Zergling x4  
  118  11:02  Zergling x6  
  111  11:15  Zergling x12  
  111  11:16  Zergling x10  
  113  11:23  Zergling x2  
  113  11:24  Zergling x14  
  113  11:25  Drone x3  
  122  11:36  Zergling x10  
  122  11:37  Zergling x2  
  128  11:45  Spire, Hive  
  128  11:46  Drone  
  128  11:47  Drone  
  129  11:55  Hatchery  
  129  11:58  Baneling  
  129  11:59  Baneling x11  
  94  12:19  Zergling x2  
  94  12:20  Zergling x34  
  94  12:21  Drone x3  
  111  12:27  Spore Crawler  
  105  12:32  Spore Crawler  
  104  12:40  Baneling  
  104  12:41  Baneling x26  
  104  12:42  Baneling x2  
  104  12:43  Drone  
  104  12:52  Zergling x6  
  104  12:53  Zergling x8  
  102  13:10  Zergling x2  
  102  13:11  Drone x2, Zergling x8  
  102  13:12  Drone x2  
  103  13:27  Zergling x12  
  98  13:28  Drone x2  
  98  13:31  Baneling x2  
  98  13:32  Baneling x18  
  91  13:50  Zergling x6  
  91  13:51  Drone x3, Zergling x2  
  91  13:52  Drone x2  
  98  13:59  Zergling x2  
  98  14:00  Drone, Zergling x2  
  98  14:06  Baneling  
  98  14:07  Baneling x6  
  98  14:09  Baneling x4  
  98  14:10  Zergling x4  
  98  14:11  Drone x2  
  101  14:29  Hatchery  
  91  14:33  Zergling x8  
  91  14:34  Drone  
  91  14:35  Drone x3, Hatchery  
  95  14:43  Zergling x8  
  97  14:51  Hatchery  
  96  14:52  Ultralisk Cavern  
  96  14:54  Mutalisk x2  
  96  14:55  Mutalisk x2  
  96  14:58  Hatchery  
  102  15:01  Hatchery  
  101  15:15  Extractor  
  101  15:18  Extractor x2  
  101  15:20  Extractor  
  97  15:25  Zergling x4  
  97  15:26  Mutalisk x2, Zergling x16  
  111  15:38  Mutalisk x4  
  119  15:46  Hatchery  
  118  15:52  Mutalisk x2  
  118  15:53  Mutalisk x2  
  118  15:55  Drone x3  
  129  16:06  Mutalisk x4  
  129  16:08  Drone  
  129  16:10  Mutalisk  
  129  16:11  Mutalisk x2  
  140  16:12  Mutalisk, Overlord  
  140  16:17  Baneling x14  
  140  16:18  Baneling x3  
  143  16:38  Overlord  
Tags
 
Add a new tag
Caveats
  • Supply blocks, unpowered buildings, or Contaminate may cause inaccurate times.
  • Supply counts are checked every 10 seconds.